[ AOE2 MATCH · #466204261 ]
UnrankedFranks vs Persians
[ REPLAY ANALYSIS · EXTRACTED FROM THE RECORDED GAME ]
Feudal
13:08
Castle
20:15
Imperial
35:34
| APM avg | 14.5 |
| APM peak | 115 |
| eAPM avg | 12.1 |
| Villagers / military | 127 / 394 |
Focus
⚔️ 33.0% · 🌾 67.0%
Spearman ×185 · Knight ×164 · Skirmisher ×30 · Fishing Ship ×23 · Battering Ram ×10 · Trade Cart ×9
Feudal
17:40
Castle
22:31
Imperial
38:42
| APM avg | 18.8 |
| APM peak | 37 |
| eAPM avg | 15.0 |
| Villagers / military | 147 / 472 |
Focus
⚔️ 46.4% · 🌾 53.6%
Spearman ×395 · Scorpion ×57 · Fishing Ship ×25 · Bombard Cannon ×14 · Mangonel ×5 · Monk ×1
Feudal
12:35
Castle
17:04
Imperial
31:53
| APM avg | 12.3 |
| APM peak | 37 |
| eAPM avg | 9.6 |
| Villagers / military | 162 / 83 |
Focus
⚔️ 11.2% · 🌾 88.8%
War Elephant ×77 · Fishing Ship ×13 · Trade Cart ×6 · Trebuchet (Packed) ×5 · Monk ×1
Feudal
15:57
Castle
20:42
Imperial
44:25
| APM avg | 19.2 |
| APM peak | 37 |
| eAPM avg | 14.9 |
| Villagers / military | 237 / 448 |
Focus
⚔️ 30.8% · 🌾 69.2%
Archer ×222 · Spearman ×185 · Battering Ram ×39 · Fishing Ship ×13 · Mangonel ×2
Feudal
15:32
Castle
20:43
Imperial
38:58
| APM avg | 22.0 |
| APM peak | 86 |
| eAPM avg | 14.2 |
| Villagers / military | 176 / 85 |
Focus
⚔️ 20.5% · 🌾 79.5%
Spearman ×43 · Conquistador ×17 · Bombard Cannon ×7 · Trebuchet (Packed) ×7 · Mangonel ×5 · Knight ×4
Feudal
12:51
Castle
17:45
Imperial
37:25
| APM avg | 24.2 |
| APM peak | 108 |
| eAPM avg | 15.9 |
| Villagers / military | 179 / 387 |
Focus
⚔️ 36.8% · 🌾 63.2%
Spearman ×182 · Scout Cavalry ×128 · Skirmisher ×66 · Trebuchet (Packed) ×5 · Ballista Elephant ×4 · Battering Ram ×2
Feudal
14:15
Castle
22:19
Imperial
40:47
| APM avg | 10.6 |
| APM peak | 28 |
| eAPM avg | 9.5 |
| Villagers / military | 158 / 149 |
Focus
⚔️ 33.3% · 🌾 66.7%
Spearman ×87 · Teutonic Knight ×52 · Trade Cart ×36 · Militia ×10
Feudal
13:06
Castle
19:34
Imperial
37:41
| APM avg | 11.4 |
| APM peak | 29 |
| eAPM avg | 10.1 |
| Villagers / military | 100 / 471 |
Focus
⚔️ 36.2% · 🌾 63.8%
Camel Scout ×193 · Gbeto ×107 · Skirmisher ×76 · Spearman ×71 · Scorpion ×10 · Fishing Ship ×7
Match map
Initial resources + every placement click. Lines = walls · curves = elevation contours. ◆ gold · ⬟ stone · ● berries · ✦ relic · ◌ wall gap
Your base· Open — opponent sealed themselves in
Ranftl Walhalla's base· Open — opponent sealed themselves in
wldun's base· ✓ Closed at 17:04 · 0t walls · no gate
smithafn's base· ✓ Closed at 20:42 · 63t walls · no gate
ustra90's base· ✓ Closed at 20:43 · 47t walls · no gate
manuelxd1010's base· Open — opponent sealed themselves in
AngErFiSt**'s base· Open — opponent sealed themselves in
peter.upton10's base· ✓ Closed at 19:34 · 0t walls · no gate
Smoothed initial terrain · ◌ = detected wall gap · hover for details
Inputs per minute
— 哥刀一出血流成河 - - Ranftl Walhalla
Build order — 哥刀一出血流成河
First 150 of 399 actions detected
| 0:05 | Create | Villager (Male) ×4 |
| 0:06 | Research | Loom |
| 0:11 | Build | House |
| 0:11 | Build | House |
| 0:12 | Build | House |
| 1:09 | Build | Palisade Wall |
| 2:05 | Build | Palisade Wall |
| 2:27 | Create | Villager (Male) |
| 2:48 | Create | Villager (Male) |
| 2:48 | Create | Villager (Male) |
| 3:05 | Create | Villager (Male) |
| 3:05 | Create | Villager (Male) |
| 3:05 | Create | Villager (Male) |
| 3:37 | Create | Villager (Male) |
| 3:37 | Create | Villager (Male) |
| 3:37 | Create | Villager (Male) |
| 4:00 | Create | Villager (Male) |
| 4:10 | Build | House |
| 4:11 | Build | House |
| 4:13 | Build | House |
| 4:14 | Build | House |
| 4:23 | Create | Villager (Male) |
| 5:00 | Create | Villager (Male) |
| 5:00 | Create | Villager (Male) |
| 5:07 | Create | Villager (Male) |
| 5:07 | Create | Villager (Male) |
| 5:49 | Create | Villager (Male) |
| 5:49 | Create | Villager (Male) |
| 6:13 | Build | House |
| 6:14 | Build | House |
| 6:51 | Create | Villager (Male) |
| 6:51 | Create | Villager (Male) |
| 7:15 | Create | Villager (Male) |
| 7:15 | Create | Villager (Male) |
| 7:15 | Create | Villager (Male) |
| 7:38 | Create | Villager (Male) |
| 7:38 | Create | Villager (Male) |
| 7:38 | Create | Villager (Male) |
| 7:39 | Create | Villager (Male) |
| 8:17 | Build | Mill |
| 9:01 | Build | Lumber Camp |
| 9:14 | Build | Dock |
| 9:20 | Create | Villager (Male) |
| 9:21 | Create | Villager (Male) |
| 10:31 | Build | Mill |
| 10:58 | Research | Feudal Age |
| 10:58 | Research | Feudal Age |
| 10:58 | Research | Feudal Age |
| 11:39 | Build | Mining Camp |
| 11:50 | Create | Fishing Ship |
| 11:55 | Create | Fishing Ship |
| 12:08 | Create | Villager (Male) |
| 12:08 | Create | Villager (Male) |
| 12:08 | Create | Villager (Male) |
| 12:09 | Create | Villager (Male) |
| 13:08 | Age | Feudal Age |
| 13:19 | Build | Mill |
| 13:56 | Build | Market |
| 14:37 | Build | Blacksmith |
| 14:49 | Research | Double-Bit Axe |
| 15:43 | Create | Fishing Ship |
| 15:43 | Create | Fishing Ship |
| 15:58 | Create | Fishing Ship |
| 16:20 | Research | Wheelbarrow |
| 16:56 | Create | Fishing Ship |
| 16:57 | Create | Fishing Ship |
| 17:15 | Build | Mining Camp |
| 17:21 | Research | Castle Age |
| 17:32 | Research | Gold Mining |
| 17:49 | Research | Stone Mining |
| 18:05 | Build | Stone Wall |
| 18:38 | Create | Fishing Ship |
| 20:02 | Build | Fish Trap |
| 20:05 | Build | Fish Trap |
| 20:15 | Age | Castle Age |
| 20:26 | Build | Fish Trap |
| 20:27 | Build | Fish Trap |
| 20:32 | Research | Hand Cart |
| 20:41 | Build | Town Center |
| 21:02 | Build | Town Center |
| 21:19 | Create | Villager (Male) ×5 |
| 21:46 | Build | Castle |
| 22:24 | Build | Town Center |
| 22:35 | Create | Villager (Male) ×5 |
| 22:44 | Build | Fish Trap |
| 23:10 | Create | Villager (Male) ×4 |
| 23:25 | Build | Fish Trap |
| 23:26 | Build | Fish Trap |
| 23:58 | Build | Fish Trap |
| 24:04 | Create | Villager (Male) |
| 24:05 | Create | Villager (Male) |
| 24:23 | Build | Barracks |
| 24:58 | Build | Town Center |
| 25:04 | Create | Villager (Male) |
| 25:07 | Create | Villager (Male) |
| 25:07 | Create | Villager (Male) |
| 25:26 | Build | Farm |
| 25:27 | Build | Farm |
| 25:28 | Build | Farm |
| 25:30 | Build | Farm |
| 25:31 | Build | Farm |
| 25:35 | Build | Farm |
| 25:42 | Create | Villager (Male) |
| 25:50 | Create | Villager (Male) |
| 26:20 | Build | Siege Workshop |
| 26:46 | Build | Lumber Camp |
| 27:02 | Research | Gold Shaft Mining |
| 27:07 | Create | Villager (Male) |
| 27:22 | Build | Dock |
| 27:30 | Create | Villager (Male) |
| 27:33 | Create | Villager (Male) |
| 27:35 | Create | Villager (Male) |
| 27:43 | Create | Trade Cart ×4 |
| 28:02 | Create | Villager (Male) |
| 28:19 | Build | Farm |
| 28:19 | Build | Farm |
| 28:19 | Build | Farm |
| 28:19 | Build | Farm |
| 28:37 | Build | Farm |
| 28:43 | Build | Farm |
| 28:53 | Create | Villager (Male) |
| 28:53 | Create | Villager (Male) |
| 29:00 | Create | Villager (Male) |
| 29:01 | Create | Villager (Male) |
| 29:17 | Build | Farm |
| 29:18 | Build | Farm |
| 29:20 | Build | Farm |
| 29:21 | Build | Farm |
| 29:24 | Build | Farm |
| 29:28 | Build | Farm |
| 29:31 | Build | Farm |
| 29:33 | Build | Farm |
| 29:41 | Build | House |
| 29:41 | Build | House |
| 29:42 | Build | House |
| 29:42 | Build | House |
| 29:42 | Build | House |
| 29:42 | Build | House |
| 29:42 | Build | House |
| 29:43 | Build | House |
| 29:43 | Build | House |
| 29:43 | Build | House |
| 29:43 | Build | House |
| 29:53 | Create | Villager (Male) ×5 |
| 29:58 | Create | Villager (Male) ×5 |
| 30:05 | Build | Barracks |
| 30:06 | Build | Barracks |
| 30:30 | Create | Fishing Ship ×5 |
| 30:40 | Build | Town Center |
| 31:12 | Build | Stable |
Build order — Ranftl Walhalla
First 150 of 362 actions detected
| 0:03 | Create | Villager (Male) ×4 |
| 0:05 | Build | House |
| 0:08 | Build | House |
| 1:08 | Research | Loom |
| 1:23 | Create | Villager (Male) ×2 |
| 1:55 | Create | Villager (Male) |
| 2:44 | Create | Villager (Male) |
| 3:19 | Build | Palisade Wall |
| 3:47 | Create | Villager (Male) ×2 |
| 4:38 | Create | Villager (Male) |
| 5:47 | Create | Villager (Male) ×2 |
| 7:21 | Build | Palisade Wall |
| 7:37 | Create | Villager (Male) ×2 |
| 8:11 | Create | Villager (Male) ×2 |
| 8:21 | Build | House |
| 8:27 | Create | Villager (Male) |
| 8:57 | Build | House |
| 9:15 | Build | Dock |
| 9:21 | Create | Villager (Male) |
| 9:47 | Build | Lumber Camp |
| 9:59 | Create | Fishing Ship |
| 9:59 | Create | Fishing Ship |
| 10:41 | Create | Fishing Ship |
| 11:10 | Build | Lumber Camp |
| 11:59 | Create | Villager (Male) ×5 |
| 13:47 | Build | House |
| 14:36 | Build | Mining Camp |
| 14:40 | Create | Villager (Male) |
| 14:41 | Create | Villager (Male) |
| 14:52 | Create | Fishing Ship |
| 14:52 | Create | Fishing Ship |
| 14:57 | Build | House |
| 15:26 | Research | Feudal Age |
| 16:47 | Build | House |
| 16:59 | Create | Villager (Male) |
| 17:00 | Create | Villager (Male) |
| 17:40 | Age | Feudal Age |
| 17:47 | Build | Blacksmith |
| 17:52 | Build | Mill |
| 18:02 | Build | Stone Wall |
| 18:21 | Build | House |
| 18:44 | Build | Market |
| 18:52 | Create | Villager (Male) |
| 19:06 | Build | Fish Trap |
| 19:13 | Build | Fish Trap |
| 19:21 | Build | Mining Camp |
| 19:23 | Build | Fish Trap |
| 19:35 | Build | Fish Trap |
| 19:43 | Build | Fish Trap |
| 19:47 | Create | Villager (Male) ×5 |
| 19:52 | Research | Castle Age |
| 20:20 | Create | Fishing Ship |
| 21:16 | Build | Fish Trap |
| 21:21 | Create | Fishing Ship |
| 21:25 | Research | Double-Bit Axe |
| 21:26 | Research | Gold Mining |
| 21:27 | Research | Stone Mining |
| 21:28 | Research | Horse Collar |
| 22:13 | Build | Fish Trap |
| 22:31 | Age | Castle Age |
| 22:40 | Build | Town Center |
| 22:45 | Build | House |
| 22:47 | Build | House |
| 23:22 | Create | Villager (Male) |
| 23:41 | Create | Villager (Male) |
| 23:58 | Build | Town Center |
| 24:16 | Create | Villager (Male) ×5 |
| 24:31 | Build | Outpost |
| 24:32 | Build | Outpost |
| 24:38 | Create | Villager (Male) ×5 |
| 24:49 | Create | Fishing Ship |
| 24:49 | Create | Fishing Ship |
| 25:19 | Build | Dock |
| 25:23 | Create | Villager (Male) ×5 |
| 25:29 | Create | Fishing Ship |
| 25:37 | Build | Fish Trap |
| 25:40 | Create | Fishing Ship |
| 25:46 | Create | Villager (Male) ×5 |
| 26:14 | Create | Villager (Male) |
| 26:16 | Research | Bow Saw |
| 26:18 | Research | Stone Shaft Mining |
| 26:29 | Create | Villager (Male) |
| 26:29 | Create | Villager (Male) |
| 26:35 | Build | Monastery |
| 26:43 | Build | Fish Trap |
| 26:45 | Create | Fishing Ship |
| 26:46 | Create | Fishing Ship |
| 26:48 | Create | Villager (Male) |
| 26:59 | Build | Fish Trap |
| 27:03 | Create | Villager (Male) ×3 |
| 27:19 | Build | House |
| 27:21 | Build | House |
| 27:22 | Build | House |
| 27:23 | Build | House |
| 27:46 | Build | Fish Trap |
| 27:49 | Build | Fish Trap |
| 27:58 | Build | Town Center |
| 28:06 | Create | Monk |
| 28:27 | Create | Villager (Male) ×4 |
| 28:33 | Build | Mining Camp |
| 28:53 | Build | Fish Trap |
| 29:08 | Build | Dock |
| 29:15 | Create | Villager (Male) ×5 |
| 29:39 | Research | Heavy Plow |
| 29:47 | Build | Farm |
| 29:48 | Build | Farm |
| 29:50 | Build | Farm |
| 29:51 | Build | Farm |
| 29:52 | Build | Farm |
| 29:53 | Build | Farm |
| 29:54 | Build | Farm |
| 29:55 | Build | Farm |
| 29:57 | Build | Farm |
| 29:59 | Build | Farm |
| 30:00 | Build | Farm |
| 30:01 | Build | Farm |
| 30:19 | Build | Lumber Camp |
| 30:22 | Create | Villager (Male) ×5 |
| 30:32 | Build | House |
| 30:35 | Create | Fishing Ship ×5 |
| 30:41 | Build | Farm |
| 30:43 | Build | Farm |
| 30:44 | Build | Farm |
| 30:46 | Build | Farm |
| 30:47 | Build | Farm |
| 30:48 | Build | Farm |
| 30:51 | Build | Farm |
| 31:02 | Build | Siege Workshop |
| 31:17 | Build | Farm |
| 31:19 | Build | Farm |
| 31:22 | Build | Farm |
| 31:27 | Build | University |
| 31:36 | Build | Mining Camp |
| 31:52 | Create | Villager (Male) ×5 |
| 31:53 | Create | Villager (Male) ×5 |
| 31:59 | Build | Siege Workshop |
| 32:01 | Build | Siege Workshop |
| 32:23 | Build | Fish Trap |
| 32:30 | Build | Fish Trap |
| 32:37 | Build | Fish Trap |
| 32:43 | Build | Fish Trap |
| 32:47 | Build | Fish Trap |
| 32:51 | Create | Fishing Ship |
| 32:51 | Create | Fishing Ship |
| 32:57 | Build | House |
| 32:58 | Build | House |
| 32:59 | Build | House |
| 33:01 | Build | House |
| 33:02 | Build | House |
| 33:03 | Build | House |
Build order — wldun
First 150 of 358 actions detected
| 0:09 | Create | Villager (Male) |
| 0:09 | Create | Villager (Male) |
| 0:12 | Build | House |
| 0:13 | Build | House |
| 0:47 | Create | Villager (Male) |
| 1:00 | Create | Villager (Male) |
| 1:00 | Create | Villager (Male) |
| 1:31 | Create | Villager (Male) |
| 2:00 | Build | Lumber Camp |
| 2:16 | Create | Villager (Male) |
| 2:39 | Create | Villager (Male) |
| 3:06 | Create | Villager (Male) |
| 3:06 | Create | Villager (Male) |
| 3:07 | Create | Villager (Male) |
| 3:39 | Create | Villager (Male) |
| 3:39 | Create | Villager (Male) |
| 3:52 | Build | House |
| 4:37 | Create | Villager (Male) |
| 4:50 | Build | House |
| 5:02 | Create | Villager (Male) |
| 5:02 | Create | Villager (Male) |
| 5:20 | Build | Mill |
| 5:33 | Create | Villager (Male) |
| 5:33 | Create | Villager (Male) |
| 5:48 | Create | Villager (Male) |
| 5:48 | Create | Villager (Male) |
| 6:30 | Create | Villager (Male) |
| 6:30 | Create | Villager (Male) |
| 6:30 | Create | Villager (Male) |
| 6:42 | Build | Dock |
| 7:38 | Create | Villager (Male) |
| 7:40 | Create | Fishing Ship |
| 7:46 | Build | House |
| 8:12 | Build | Farm |
| 8:36 | Build | House |
| 8:41 | Create | Fishing Ship |
| 8:48 | Create | Villager (Male) |
| 8:48 | Create | Villager (Male) |
| 9:23 | Build | Mining Camp |
| 9:25 | Create | Villager (Male) |
| 9:27 | Create | Fishing Ship |
| 10:08 | Research | Loom |
| 10:09 | Research | Feudal Age |
| 10:41 | Build | House |
| 11:09 | Build | Farm |
| 11:15 | Build | House |
| 11:25 | Create | Fishing Ship |
| 11:40 | Build | Farm |
| 12:11 | Build | House |
| 12:27 | Build | Farm |
| 12:28 | Build | Farm |
| 12:35 | Age | Feudal Age |
| 12:44 | Build | Market |
| 12:54 | Build | Blacksmith |
| 13:03 | Create | Villager (Male) |
| 13:03 | Create | Villager (Male) |
| 13:30 | Build | Farm |
| 13:38 | Research | Double-Bit Axe |
| 14:01 | Create | Villager (Male) |
| 14:14 | Build | Lumber Camp |
| 14:20 | Build | Farm |
| 14:23 | Build | Farm |
| 14:39 | Research | Castle Age |
| 14:54 | Build | Farm |
| 15:30 | Build | House |
| 15:32 | Build | House |
| 15:33 | Build | House |
| 15:41 | Research | Horse Collar |
| 15:46 | Research | Gold Mining |
| 15:50 | Research | Tech 906 |
| 16:38 | Research | Town Watch |
| 17:04 | Age | Castle Age |
| 17:09 | Create | Villager (Male) |
| 17:35 | Build | Town Center |
| 17:43 | Create | Villager (Male) |
| 17:44 | Create | Villager (Male) |
| 17:51 | Build | Fish Trap |
| 17:55 | Create | Villager (Male) |
| 17:55 | Create | Villager (Male) |
| 18:30 | Build | Town Center |
| 18:34 | Create | Villager (Male) |
| 18:40 | Build | Fish Trap |
| 18:45 | Create | Villager (Male) |
| 18:48 | Build | Fish Trap |
| 19:08 | Build | Farm |
| 19:18 | Build | Fish Trap |
| 19:22 | Research | Gillnets |
| 19:30 | Create | Villager (Male) |
| 19:30 | Create | Villager (Male) |
| 19:30 | Create | Villager (Male) |
| 19:37 | Create | Villager (Male) |
| 19:49 | Research | Bow Saw |
| 19:56 | Create | Villager (Male) |
| 19:56 | Create | Villager (Male) |
| 20:02 | Create | Villager (Male) |
| 20:16 | Build | Mining Camp |
| 20:22 | Create | Villager (Male) |
| 20:22 | Create | Villager (Male) |
| 20:33 | Create | Villager (Male) |
| 20:39 | Create | Villager (Male) |
| 20:39 | Create | Villager (Male) |
| 20:39 | Create | Villager (Male) |
| 20:44 | Build | Farm |
| 20:58 | Research | Stone Mining |
| 21:07 | Create | Villager (Male) |
| 21:07 | Create | Villager (Male) |
| 21:17 | Build | Lumber Camp |
| 21:21 | Create | Villager (Male) |
| 21:21 | Create | Villager (Male) |
| 21:39 | Build | House |
| 21:41 | Build | House |
| 21:43 | Build | House |
| 21:46 | Create | Villager (Male) |
| 21:46 | Create | Villager (Male) |
| 21:51 | Build | Monastery |
| 21:54 | Create | Villager (Male) |
| 21:56 | Build | Farm |
| 21:59 | Build | Farm |
| 22:06 | Build | Farm |
| 22:07 | Build | Farm |
| 22:09 | Create | Villager (Male) |
| 22:09 | Create | Villager (Male) |
| 22:14 | Build | Farm |
| 22:19 | Build | Farm |
| 22:23 | Build | Farm |
| 22:29 | Create | Villager (Male) |
| 22:29 | Create | Villager (Male) |
| 22:38 | Create | Villager (Male) |
| 22:38 | Create | Villager (Male) |
| 22:39 | Create | Villager (Male) |
| 22:42 | Create | Villager (Male) |
| 22:48 | Build | Farm |
| 23:01 | Create | Villager (Male) |
| 23:01 | Create | Villager (Male) |
| 23:07 | Build | Farm |
| 23:12 | Build | Farm |
| 23:13 | Build | Farm |
| 23:18 | Create | Villager (Male) |
| 23:22 | Build | Farm |
| 23:31 | Create | Fishing Ship |
| 23:31 | Create | Fishing Ship |
| 23:32 | Create | Monk |
| 23:36 | Create | Villager (Male) |
| 23:36 | Create | Villager (Male) |
| 23:36 | Create | Villager (Male) |
| 23:36 | Create | Villager (Male) |
| 23:40 | Create | Villager (Male) |
| 23:40 | Create | Villager (Male) |
| 23:44 | Build | Farm |
| 23:47 | Create | Villager (Male) |
Build order — smithafn
First 150 of 436 actions detected
| 0:03 | Create | Villager (Male) |
| 0:03 | Create | Villager (Male) |
| 0:06 | Build | House |
| 0:11 | Research | Loom |
| 0:22 | Build | Palisade Wall |
| 0:24 | Create | Villager (Male) ×3 |
| 0:48 | Build | Palisade Wall |
| 1:53 | Create | Villager (Male) |
| 1:53 | Create | Villager (Male) |
| 2:11 | Build | Lumber Camp |
| 2:28 | Create | Villager (Male) |
| 3:10 | Create | Villager (Male) |
| 3:10 | Create | Villager (Male) |
| 3:15 | Build | House |
| 3:38 | Create | Villager (Male) |
| 3:38 | Create | Villager (Male) |
| 4:27 | Create | Villager (Male) ×2 |
| 4:27 | Create | Villager (Male) ×2 |
| 5:43 | Create | Villager (Male) ×2 |
| 5:43 | Create | Villager (Male) ×2 |
| 6:12 | Create | Villager (Male) |
| 6:12 | Create | Villager (Male) |
| 6:15 | Build | House |
| 6:20 | Create | Villager (Male) |
| 6:20 | Create | Villager (Male) |
| 6:26 | Build | House |
| 6:28 | Build | House |
| 7:05 | Create | Villager (Male) |
| 7:05 | Create | Villager (Male) |
| 7:23 | Create | Villager (Male) |
| 8:46 | Create | Villager (Male) |
| 8:46 | Create | Villager (Male) |
| 9:01 | Build | Dock |
| 9:07 | Create | Villager (Male) ×3 |
| 9:13 | Build | House |
| 9:14 | Build | House |
| 9:15 | Build | House |
| 9:19 | Build | Outpost |
| 10:13 | Build | Lumber Camp |
| 10:26 | Build | Palisade Wall |
| 10:46 | Create | Villager (Male) ×5 |
| 11:03 | Build | Palisade Wall |
| 11:17 | Build | Dock |
| 12:19 | Create | Fishing Ship ×4 |
| 12:40 | Build | Outpost |
| 13:20 | Build | Lumber Camp |
| 13:42 | Build | House |
| 13:43 | Build | House |
| 13:47 | Research | Feudal Age |
| 14:05 | Build | Outpost |
| 14:10 | Build | House |
| 14:11 | Build | House |
| 14:30 | Build | Mining Camp |
| 14:37 | Build | Mill |
| 14:44 | Build | Lumber Camp |
| 15:06 | Create | Villager (Male) |
| 15:06 | Create | Villager (Male) |
| 15:06 | Create | Villager (Male) |
| 15:15 | Build | House |
| 15:27 | Build | Outpost |
| 15:35 | Create | Villager (Male) |
| 15:36 | Create | Villager (Male) |
| 15:40 | Create | Fishing Ship ×4 |
| 15:57 | Age | Feudal Age |
| 16:16 | Build | Market |
| 16:20 | Build | Blacksmith |
| 16:47 | Build | Stone Wall |
| 17:00 | Build | Stone Wall |
| 17:11 | Build | Lumber Camp |
| 17:16 | Create | Fishing Ship |
| 17:53 | Build | House |
| 17:56 | Research | Castle Age |
| 18:06 | Build | Outpost |
| 18:25 | Research | Double-Bit Axe |
| 18:41 | Build | Fish Trap |
| 18:44 | Build | Fish Trap |
| 18:47 | Create | Fishing Ship |
| 18:48 | Build | Fish Trap |
| 18:49 | Build | Fish Trap |
| 18:51 | Build | Fish Trap |
| 19:19 | Build | House |
| 19:20 | Build | House |
| 19:21 | Build | House |
| 19:22 | Build | House |
| 19:23 | Build | House |
| 19:32 | Build | Fish Trap |
| 19:37 | Build | Fish Trap |
| 19:39 | Create | Fishing Ship |
| 19:44 | Build | Outpost |
| 19:45 | Build | House |
| 19:48 | Build | House |
| 19:50 | Build | House |
| 19:56 | Research | Horse Collar |
| 20:42 | Age | Castle Age |
| 21:33 | Build | Town Center |
| 21:53 | Build | Mining Camp |
| 21:56 | Create | Villager (Male) ×5 |
| 21:57 | Create | Villager (Male) ×5 |
| 22:06 | Research | Bow Saw |
| 22:08 | Research | Heavy Plow |
| 23:23 | Build | Town Center |
| 23:30 | Build | Town Center |
| 23:33 | Build | Lumber Camp |
| 24:26 | Create | Villager (Male) ×5 |
| 24:31 | Build | Mining Camp |
| 25:09 | Create | Villager (Male) ×5 |
| 25:09 | Create | Villager (Male) |
| 25:16 | Build | Fish Trap |
| 25:17 | Build | Fish Trap |
| 25:19 | Create | Fishing Ship |
| 25:35 | Build | House |
| 25:36 | Build | House |
| 25:37 | Build | House |
| 26:08 | Create | Villager (Male) ×5 |
| 26:18 | Build | Town Center |
| 26:45 | Build | Outpost |
| 26:50 | Build | Fish Trap |
| 26:51 | Create | Fishing Ship |
| 26:52 | Research | Tech 906 |
| 26:56 | Create | Villager (Male) ×2 |
| 26:56 | Create | Villager (Male) ×2 |
| 27:22 | Build | Outpost |
| 27:23 | Build | House |
| 27:26 | Build | House |
| 27:27 | Build | House |
| 27:29 | Build | House |
| 27:38 | Build | Lumber Camp |
| 27:45 | Build | Lumber Camp |
| 27:49 | Create | Villager (Male) ×5 |
| 27:49 | Create | Villager (Male) ×5 |
| 27:50 | Create | Villager (Male) ×5 |
| 27:50 | Create | Villager (Male) |
| 27:55 | Build | Town Center |
| 27:59 | Build | Lumber Camp |
| 28:32 | Build | Siege Workshop |
| 28:34 | Build | Siege Workshop |
| 28:55 | Build | Barracks |
| 28:58 | Build | Barracks |
| 29:05 | Build | Barracks |
| 29:28 | Build | Barracks |
| 29:38 | Build | Barracks |
| 29:39 | Build | Barracks |
| 29:47 | Create | Villager (Male) ×5 |
| 29:47 | Create | Villager (Male) ×5 |
| 29:48 | Create | Villager (Male) ×5 |
| 29:48 | Create | Villager (Male) ×4 |
| 30:21 | Create | Villager (Male) ×5 |
| 30:21 | Create | Villager (Male) ×5 |
| 30:21 | Create | Villager (Male) ×2 |
| 30:30 | Build | House |
Build order — ustra90
First 150 of 430 actions detected
| 0:05 | Create | Villager (Male) ×4 |
| 0:06 | Create | Villager (Male) ×4 |
| 0:08 | Build | House |
| 0:10 | Build | House |
| 0:47 | Research | Loom |
| 1:08 | Create | Villager (Male) |
| 1:24 | Build | House |
| 1:32 | Build | Palisade Wall |
| 1:57 | Create | Villager (Male) |
| 1:57 | Create | Villager (Male) |
| 2:25 | Build | Palisade Wall |
| 2:26 | Create | Villager (Male) |
| 2:27 | Create | Villager (Male) |
| 2:40 | Build | Palisade Wall |
| 2:45 | Build | Palisade Wall |
| 2:49 | Build | Palisade Wall |
| 2:51 | Create | Villager (Male) |
| 3:14 | Build | Palisade Wall |
| 3:49 | Create | Villager (Male) |
| 4:31 | Create | Villager (Male) |
| 4:31 | Create | Villager (Male) |
| 5:07 | Build | House |
| 5:24 | Build | Palisade Wall |
| 6:05 | Create | Villager (Male) |
| 6:06 | Create | Villager (Male) |
| 6:06 | Create | Villager (Male) |
| 6:21 | Build | Palisade Wall |
| 6:26 | Create | Villager (Male) |
| 6:26 | Create | Villager (Male) |
| 7:00 | Build | Palisade Wall |
| 7:17 | Build | House |
| 7:19 | Build | Palisade Wall |
| 7:35 | Create | Villager (Male) |
| 7:41 | Build | Mill |
| 8:04 | Create | Villager (Male) |
| 8:23 | Create | Villager (Male) |
| 8:23 | Create | Villager (Male) |
| 8:55 | Build | Lumber Camp |
| 9:05 | Build | Palisade Wall |
| 9:16 | Create | Villager (Male) |
| 9:44 | Create | Villager (Male) |
| 10:09 | Create | Villager (Male) |
| 10:21 | Create | Villager (Male) |
| 10:52 | Create | Villager (Male) |
| 10:55 | Build | House |
| 11:14 | Create | Villager (Male) |
| 11:50 | Create | Villager (Male) |
| 12:13 | Create | Villager (Male) |
| 12:26 | Build | Mill |
| 12:44 | Build | Dock |
| 12:57 | Create | Villager (Male) |
| 12:57 | Create | Villager (Male) |
| 13:01 | Research | Feudal Age |
| 13:09 | Build | Mining Camp |
| 13:33 | Create | Fishing Ship |
| 14:36 | Create | Villager (Male) |
| 15:05 | Build | House |
| 15:14 | Build | House |
| 15:27 | Create | Villager (Male) |
| 15:27 | Create | Villager (Male) |
| 15:32 | Age | Feudal Age |
| 15:33 | Create | Villager (Male) |
| 15:43 | Build | House |
| 16:05 | Build | Market |
| 16:15 | Build | Blacksmith |
| 16:31 | Build | House |
| 16:49 | Create | Villager (Male) |
| 16:53 | Build | Farm |
| 16:58 | Build | Farm |
| 17:00 | Create | Fishing Ship |
| 17:04 | Build | House |
| 17:12 | Build | Farm |
| 17:36 | Build | House |
| 17:38 | Create | Villager (Male) |
| 17:48 | Research | Castle Age |
| 18:10 | Build | Farm |
| 18:15 | Build | Farm |
| 18:25 | Research | Horse Collar |
| 18:56 | Build | Mining Camp |
| 19:32 | Build | Fish Trap |
| 19:37 | Build | Fish Trap |
| 19:56 | Create | Villager (Male) |
| 20:05 | Create | Villager (Male) |
| 20:05 | Create | Villager (Male) |
| 20:28 | Build | Stone Wall |
| 20:35 | Build | Stone Wall |
| 20:41 | Create | Villager (Male) |
| 20:43 | Age | Castle Age |
| 21:07 | Build | Town Center |
| 21:23 | Build | Town Center |
| 21:31 | Research | Wheelbarrow |
| 21:41 | Research | Double-Bit Axe |
| 21:42 | Create | Villager (Male) |
| 21:51 | Build | Stone Wall |
| 22:01 | Build | Farm |
| 22:03 | Create | Villager (Male) |
| 22:09 | Research | Bow Saw |
| 22:58 | Create | Villager (Male) |
| 22:59 | Create | Villager (Male) |
| 22:59 | Create | Villager (Male) |
| 22:59 | Create | Villager (Male) |
| 23:07 | Build | Siege Workshop |
| 23:31 | Create | Villager (Male) |
| 23:31 | Create | Villager (Male) |
| 23:32 | Create | Villager (Male) |
| 23:32 | Create | Villager (Male) |
| 23:42 | Create | Villager (Male) |
| 23:42 | Create | Villager (Male) |
| 23:49 | Build | Town Center |
| 24:06 | Build | Stone Wall |
| 24:12 | Build | Gate |
| 24:15 | Create | Villager (Male) |
| 24:16 | Create | Villager (Male) |
| 24:16 | Create | Villager (Male) |
| 24:16 | Create | Villager (Male) |
| 24:16 | Create | Villager (Male) |
| 24:17 | Create | Villager (Male) |
| 24:21 | Build | Farm |
| 24:24 | Build | Monastery |
| 24:45 | Build | Farm |
| 24:48 | Build | Farm |
| 24:49 | Build | Farm |
| 24:49 | Build | Farm |
| 24:51 | Create | Villager (Male) |
| 24:52 | Create | Villager (Male) |
| 24:52 | Create | Villager (Male) |
| 24:59 | Create | Mangonel |
| 24:59 | Create | Mangonel |
| 25:00 | Create | Mangonel |
| 25:16 | Create | Villager (Male) |
| 25:16 | Create | Villager (Male) |
| 25:21 | Create | Missionary |
| 25:28 | Build | House |
| 25:28 | Build | House |
| 25:29 | Build | House |
| 25:31 | Build | House |
| 25:31 | Build | House |
| 25:31 | Build | House |
| 25:38 | Create | Villager (Male) |
| 25:39 | Create | Villager (Male) |
| 25:39 | Create | Villager (Male) |
| 25:48 | Build | House |
| 25:50 | Build | House |
| 25:51 | Build | House |
| 25:57 | Build | Lumber Camp |
| 26:02 | Build | Lumber Camp |
| 26:06 | Build | Lumber Camp |
| 26:11 | Create | Villager (Male) ×2 |
| 26:27 | Create | Mangonel |
| 26:27 | Create | Mangonel |
Build order — manuelxd1010
First 150 of 549 actions detected
| 0:03 | Build | House |
| 0:05 | Build | House |
| 0:06 | Create | Villager (Male) ×4 |
| 1:39 | Create | Villager (Male) |
| 1:39 | Create | Villager (Male) |
| 2:07 | Create | Villager (Male) |
| 2:07 | Create | Villager (Male) |
| 2:22 | Create | Villager (Male) |
| 2:22 | Create | Villager (Male) |
| 3:05 | Create | Villager (Male) |
| 3:06 | Create | Villager (Male) |
| 3:25 | Build | Mill |
| 3:34 | Create | Villager (Male) |
| 3:34 | Create | Villager (Male) |
| 3:38 | Build | House |
| 3:41 | Build | House |
| 3:42 | Build | House |
| 4:01 | Create | Villager (Male) |
| 4:01 | Create | Villager (Male) |
| 5:34 | Create | Villager (Male) |
| 5:34 | Create | Villager (Male) |
| 6:08 | Create | Villager (Male) |
| 6:55 | Create | Villager (Male) |
| 7:13 | Create | Villager (Male) |
| 7:22 | Create | Villager (Male) |
| 7:23 | Create | Villager (Male) |
| 7:44 | Create | Villager (Male) |
| 7:49 | Research | Loom |
| 8:10 | Create | Villager (Male) |
| 8:32 | Create | Villager (Male) |
| 8:41 | Create | Villager (Male) |
| 8:41 | Create | Villager (Male) |
| 9:36 | Build | Mining Camp |
| 9:41 | Create | Villager (Male) |
| 10:38 | Research | Feudal Age |
| 10:44 | Build | House |
| 11:23 | Build | House |
| 11:25 | Build | House |
| 11:26 | Build | House |
| 11:30 | Build | House |
| 11:54 | Build | Mill |
| 12:14 | Build | Lumber Camp |
| 12:51 | Age | Feudal Age |
| 12:58 | Create | Villager (Male) |
| 12:58 | Create | Villager (Male) |
| 13:19 | Research | Double-Bit Axe |
| 13:35 | Create | Villager (Male) |
| 13:46 | Build | House |
| 14:14 | Build | House |
| 14:16 | Create | Villager (Male) |
| 14:59 | Build | Lumber Camp |
| 15:03 | Build | House |
| 15:05 | Research | Castle Age |
| 15:44 | Build | Mining Camp |
| 17:37 | Research | Stone Mining |
| 17:45 | Age | Castle Age |
| 17:59 | Build | Town Center |
| 18:02 | Create | Villager (Male) |
| 18:02 | Create | Villager (Male) |
| 18:11 | Build | Town Center |
| 18:15 | Research | Stone Shaft Mining |
| 18:33 | Build | Farm |
| 18:36 | Build | Farm |
| 18:37 | Build | Farm |
| 18:37 | Build | Farm |
| 18:38 | Build | Farm |
| 18:40 | Build | Farm |
| 19:17 | Build | Farm |
| 19:18 | Build | Farm |
| 19:19 | Build | Farm |
| 19:20 | Build | Farm |
| 19:27 | Build | Farm |
| 19:28 | Build | Farm |
| 19:30 | Build | Farm |
| 19:48 | Build | Farm |
| 19:49 | Create | Villager (Male) |
| 20:10 | Build | Farm |
| 20:11 | Build | Farm |
| 20:12 | Create | Villager (Male) |
| 20:13 | Create | Villager (Male) |
| 20:27 | Create | Villager (Male) |
| 20:27 | Create | Villager (Male) |
| 20:34 | Build | Farm |
| 20:35 | Build | Farm |
| 20:42 | Build | Farm |
| 20:43 | Build | Farm |
| 20:45 | Create | Villager (Male) |
| 20:45 | Create | Villager (Male) |
| 21:00 | Create | Villager (Male) |
| 21:00 | Create | Villager (Male) |
| 21:05 | Create | Villager (Male) |
| 21:06 | Create | Villager (Male) |
| 21:20 | Create | Villager (Male) |
| 21:30 | Create | Villager (Male) |
| 21:47 | Build | Castle |
| 21:50 | Create | Villager (Male) |
| 21:52 | Create | Villager (Male) |
| 21:57 | Create | Villager (Male) |
| 22:05 | Create | Villager (Male) |
| 22:19 | Create | Villager (Male) |
| 22:24 | Create | Villager (Male) |
| 22:32 | Create | Villager (Male) |
| 22:43 | Create | Villager (Male) |
| 22:48 | Build | Stable |
| 22:49 | Build | Stable |
| 22:50 | Build | Stable |
| 22:51 | Create | Villager (Male) |
| 23:01 | Build | Farm |
| 23:02 | Create | Villager (Male) |
| 23:24 | Create | Villager (Male) |
| 23:26 | Create | Villager (Male) |
| 23:30 | Build | Farm |
| 23:31 | Build | Farm |
| 23:32 | Build | Farm |
| 23:33 | Build | Farm |
| 23:35 | Create | Villager (Male) |
| 23:39 | Build | Farm |
| 23:40 | Build | Farm |
| 23:42 | Create | Villager (Male) |
| 23:50 | Create | Villager (Male) |
| 23:52 | Create | Ballista Elephant |
| 24:00 | Create | Villager (Male) |
| 24:08 | Create | Villager (Male) |
| 24:22 | Create | Ballista Elephant |
| 24:27 | Create | Villager (Male) |
| 24:37 | Build | Farm |
| 24:38 | Build | Farm |
| 24:40 | Create | Villager (Male) |
| 24:41 | Create | Villager (Male) |
| 24:46 | Build | Farm |
| 24:49 | Create | Villager (Male) |
| 24:52 | Create | Villager (Male) |
| 25:03 | Build | Siege Workshop |
| 25:05 | Create | Villager (Male) |
| 25:10 | Create | Scout Cavalry |
| 25:10 | Create | Scout Cavalry |
| 25:18 | Build | Farm |
| 25:19 | Create | Villager (Male) |
| 25:34 | Create | Villager (Male) |
| 25:39 | Build | Farm |
| 25:43 | Build | Farm |
| 25:43 | Create | Villager (Male) |
| 25:52 | Create | Scout Cavalry |
| 25:52 | Create | Scout Cavalry |
| 25:53 | Create | Scout Cavalry |
| 25:53 | Create | Scout Cavalry |
| 25:59 | Create | Battering Ram |
| 26:03 | Create | Villager (Male) |
| 26:08 | Create | Villager (Male) |
| 26:11 | Create | Villager (Male) |
Build order — AngErFiSt**
First 150 of 481 actions detected
| 0:07 | Build | House |
| 0:10 | Build | House |
| 0:11 | Build | House |
| 0:13 | Build | House |
| 0:16 | Create | Villager (Male) |
| 0:17 | Create | Villager (Male) |
| 0:17 | Create | Villager (Male) |
| 0:17 | Create | Villager (Male) |
| 2:37 | Create | Villager (Male) |
| 2:49 | Create | Villager (Male) |
| 3:05 | Create | Villager (Male) |
| 3:42 | Research | Loom |
| 3:49 | Create | Villager (Male) |
| 3:56 | Create | Villager (Male) |
| 3:57 | Create | Villager (Male) |
| 3:57 | Create | Villager (Male) |
| 4:48 | Create | Villager (Male) |
| 5:21 | Build | Mill |
| 5:26 | Create | Villager (Male) |
| 6:06 | Create | Villager (Male) |
| 6:07 | Create | Villager (Male) |
| 6:43 | Build | Mining Camp |
| 6:48 | Create | Villager (Male) |
| 6:49 | Create | Villager (Male) |
| 7:40 | Create | Villager (Male) |
| 7:58 | Build | Mining Camp |
| 8:11 | Build | Lumber Camp |
| 8:22 | Create | Villager (Male) |
| 8:23 | Create | Villager (Male) |
| 8:43 | Create | Villager (Male) |
| 8:44 | Create | Villager (Male) |
| 10:02 | Create | Villager (Male) |
| 12:05 | Research | Feudal Age |
| 12:32 | Build | Mill |
| 14:15 | Age | Feudal Age |
| 14:25 | Research | Double-Bit Axe |
| 14:45 | Build | Market |
| 15:05 | Build | Blacksmith |
| 15:37 | Research | Wheelbarrow |
| 17:21 | Build | Farm |
| 17:26 | Build | Farm |
| 19:22 | Build | Farm |
| 19:39 | Research | Castle Age |
| 19:46 | Research | Horse Collar |
| 20:34 | Build | Barracks |
| 20:35 | Build | Barracks |
| 20:49 | Build | House |
| 21:38 | Build | House |
| 22:01 | Build | Farm |
| 22:05 | Build | Farm |
| 22:09 | Build | Farm |
| 22:17 | Build | Farm |
| 22:19 | Age | Castle Age |
| 22:21 | Build | Farm |
| 22:26 | Build | Farm |
| 22:30 | Build | Farm |
| 22:35 | Build | Farm |
| 22:38 | Research | Heavy Plow |
| 22:41 | Research | Bow Saw |
| 22:47 | Create | Villager (Male) |
| 22:47 | Create | Villager (Male) |
| 23:06 | Build | Town Center |
| 23:14 | Build | Town Center |
| 23:20 | Build | Town Center |
| 24:03 | Create | Villager (Male) |
| 24:04 | Create | Villager (Male) |
| 24:04 | Create | Villager (Male) |
| 24:08 | Create | Villager (Male) |
| 24:09 | Create | Villager (Male) |
| 24:09 | Create | Villager (Male) |
| 24:32 | Build | Barracks |
| 24:35 | Research | Pikeman (upgrade) |
| 24:37 | Research | Squires |
| 24:50 | Research | Scale Mail Armor |
| 24:58 | Build | Farm |
| 25:14 | Create | Villager (Male) |
| 25:15 | Create | Villager (Male) |
| 25:15 | Create | Villager (Male) |
| 25:22 | Build | Farm |
| 25:31 | Create | Villager (Male) |
| 25:57 | Build | House |
| 25:58 | Build | House |
| 26:01 | Build | House |
| 26:03 | Build | House |
| 26:08 | Create | Villager (Male) |
| 26:08 | Create | Villager (Male) |
| 26:08 | Create | Villager (Male) |
| 26:27 | Create | Trade Cart |
| 26:27 | Create | Trade Cart |
| 26:27 | Create | Trade Cart |
| 26:37 | Build | Farm |
| 26:42 | Build | Farm |
| 26:43 | Create | Villager (Male) |
| 26:44 | Create | Villager (Male) |
| 26:44 | Create | Villager (Male) |
| 26:44 | Create | Villager (Male) |
| 26:50 | Build | Farm |
| 27:07 | Create | Villager (Male) |
| 27:08 | Create | Villager (Male) |
| 27:38 | Build | Farm |
| 28:01 | Create | Spearman |
| 28:02 | Create | Spearman |
| 28:02 | Create | Spearman |
| 28:02 | Create | Spearman |
| 28:03 | Create | Spearman |
| 28:03 | Create | Spearman |
| 28:03 | Create | Spearman |
| 28:04 | Create | Spearman |
| 28:20 | Build | Barracks |
| 28:51 | Research | Chain Mail Armor |
| 28:55 | Create | Villager (Male) |
| 28:56 | Create | Villager (Male) |
| 29:13 | Build | House |
| 29:15 | Build | House |
| 29:16 | Build | House |
| 29:39 | Build | Farm |
| 29:50 | Build | Castle |
| 30:22 | Create | Spearman |
| 30:22 | Create | Spearman |
| 30:22 | Create | Spearman |
| 30:23 | Create | Spearman |
| 30:23 | Create | Spearman |
| 30:23 | Create | Spearman |
| 30:24 | Create | Spearman |
| 30:34 | Create | Villager (Male) |
| 30:34 | Create | Villager (Male) |
| 30:35 | Create | Villager (Male) |
| 30:35 | Create | Villager (Male) |
| 30:35 | Create | Villager (Male) |
| 30:35 | Create | Villager (Male) |
| 30:36 | Create | Villager (Male) |
| 30:52 | Build | House |
| 30:54 | Build | House |
| 30:55 | Build | House |
| 30:57 | Build | House |
| 30:58 | Build | House |
| 30:59 | Build | House |
| 31:01 | Build | House |
| 31:02 | Build | House |
| 31:03 | Build | House |
| 31:05 | Build | House |
| 31:06 | Build | House |
| 31:08 | Build | House |
| 31:09 | Build | House |
| 31:17 | Build | Farm |
| 31:19 | Create | Villager (Male) |
| 31:20 | Create | Villager (Male) |
| 31:20 | Create | Villager (Male) |
| 31:20 | Create | Villager (Male) |
| 31:21 | Create | Villager (Male) |
Build order — peter.upton10
First 150 of 393 actions detected
| 0:12 | Create | Villager (Male) ×4 |
| 0:20 | Build | House |
| 0:21 | Build | House |
| 2:32 | Create | Villager (Male) |
| 2:33 | Create | Villager (Male) |
| 3:02 | Build | Lumber Camp |
| 3:21 | Create | Villager (Male) |
| 3:22 | Create | Villager (Male) |
| 3:41 | Create | Villager (Male) |
| 3:58 | Build | House |
| 4:07 | Create | Villager (Male) |
| 4:31 | Build | House |
| 4:53 | Create | Villager (Male) |
| 4:54 | Create | Villager (Male) |
| 4:54 | Create | Villager (Male) |
| 6:06 | Create | Villager (Male) |
| 6:06 | Create | Villager (Male) |
| 6:14 | Build | Dock |
| 6:56 | Create | Villager (Male) |
| 6:56 | Create | Villager (Male) |
| 6:56 | Create | Villager (Male) |
| 6:56 | Create | Villager (Male) |
| 7:49 | Create | Fishing Ship ×4 |
| 8:22 | Research | Loom |
| 8:23 | Create | Villager (Male) |
| 8:41 | Build | Mill |
| 9:03 | Create | Villager (Male) |
| 9:03 | Create | Villager (Male) |
| 9:21 | Build | House |
| 9:23 | Build | House |
| 9:26 | Build | House |
| 10:01 | Create | Villager (Male) |
| 10:56 | Research | Feudal Age |
| 11:18 | Build | Mill |
| 11:26 | Build | Mining Camp |
| 12:37 | Build | Barracks |
| 13:06 | Age | Feudal Age |
| 13:12 | Build | Market |
| 13:18 | Create | Villager (Male) |
| 13:18 | Create | Villager (Male) |
| 13:18 | Create | Villager (Male) |
| 13:23 | Research | Double-Bit Axe |
| 13:35 | Create | Villager (Male) |
| 13:45 | Build | Blacksmith |
| 14:42 | Build | House |
| 14:43 | Build | House |
| 14:48 | Create | Villager (Male) |
| 15:22 | Create | Villager (Male) |
| 15:31 | Build | Farm |
| 15:31 | Build | Farm |
| 15:31 | Build | Farm |
| 15:32 | Build | Farm |
| 15:48 | Create | Villager (Male) |
| 16:16 | Build | Market |
| 16:29 | Create | Villager (Male) |
| 16:46 | Research | Castle Age |
| 17:03 | Build | Fish Trap |
| 17:04 | Build | Fish Trap |
| 17:05 | Build | Fish Trap |
| 17:06 | Build | Fish Trap |
| 17:57 | Build | Barracks |
| 18:54 | Create | Trade Cart |
| 19:12 | Build | Lumber Camp |
| 19:34 | Age | Castle Age |
| 19:35 | Create | Villager (Male) |
| 19:35 | Create | Villager (Male) |
| 19:35 | Create | Villager (Male) |
| 19:36 | Create | Villager (Male) |
| 19:36 | Create | Villager (Male) |
| 19:36 | Create | Villager (Male) |
| 19:36 | Create | Villager (Male) |
| 19:37 | Create | Villager (Male) |
| 19:37 | Create | Villager (Male) |
| 19:37 | Create | Villager (Male) |
| 19:44 | Build | Town Center |
| 19:58 | Build | Town Center |
| 20:31 | Build | Lumber Camp |
| 21:12 | Build | Town Center |
| 21:25 | Create | Villager (Male) |
| 21:25 | Create | Villager (Male) |
| 21:25 | Create | Villager (Male) |
| 21:25 | Create | Villager (Male) |
| 21:26 | Create | Villager (Male) |
| 21:26 | Create | Villager (Male) |
| 21:39 | Create | Villager (Male) |
| 21:39 | Create | Villager (Male) |
| 21:39 | Create | Villager (Male) |
| 21:39 | Create | Villager (Male) |
| 21:40 | Create | Villager (Male) |
| 21:40 | Create | Villager (Male) |
| 21:56 | Create | Villager (Male) ×4 |
| 22:02 | Create | Fishing Ship |
| 22:03 | Create | Fishing Ship |
| 22:03 | Create | Fishing Ship |
| 22:22 | Research | Town Watch |
| 22:50 | Build | Fish Trap |
| 23:07 | Research | Tech 906 |
| 23:16 | Create | Villager (Male) ×2 |
| 23:38 | Create | Villager (Male) |
| 23:45 | Build | Fish Trap |
| 24:01 | Create | Villager (Male) |
| 24:09 | Build | Farm |
| 24:09 | Build | Farm |
| 24:10 | Build | Farm |
| 24:10 | Build | Farm |
| 24:10 | Build | Farm |
| 24:10 | Build | Farm |
| 24:11 | Build | Farm |
| 24:30 | Build | House |
| 24:30 | Build | House |
| 24:30 | Build | House |
| 24:31 | Build | House |
| 24:31 | Build | House |
| 24:32 | Build | House |
| 24:32 | Build | House |
| 24:32 | Build | House |
| 24:33 | Build | House |
| 24:33 | Build | House |
| 24:37 | Create | Villager (Male) |
| 24:42 | Research | Wheelbarrow |
| 24:49 | Build | Fish Trap |
| 24:55 | Create | Trade Cart ×5 |
| 25:13 | Build | Monastery |
| 25:17 | Create | Villager (Male) ×4 |
| 25:29 | Build | Farm |
| 25:29 | Build | Farm |
| 25:29 | Build | Farm |
| 25:29 | Build | Farm |
| 25:30 | Build | Farm |
| 25:30 | Build | Farm |
| 25:30 | Build | Farm |
| 25:30 | Build | Farm |
| 25:31 | Build | Farm |
| 25:31 | Build | Farm |
| 25:31 | Build | Farm |
| 25:32 | Build | Farm |
| 25:47 | Build | Castle |
| 26:02 | Create | Monk |
| 26:12 | Create | Villager (Male) ×4 |
| 26:12 | Create | Villager (Male) ×4 |
| 26:24 | Build | Lumber Camp |
| 26:41 | Build | Mill |
| 26:47 | Create | Villager (Male) ×4 |
| 27:08 | Create | Monk |
| 27:17 | Research | Caravan |
| 27:32 | Create | Villager (Male) ×2 |
| 27:32 | Create | Villager (Male) |
| 27:43 | Build | House |
| 27:44 | Build | House |
| 27:45 | Build | House |
Match timeline
| 0:22 | smithafn · wall_segment Palisade Wall x12 |
| 0:48 | smithafn · wall_segment Palisade Wall x10 |
| 1:09 | 哥刀一出血流成河 · wall_segment Palisade Wall x8 |
| 1:32 | ustra90 · wall_segment Palisade Wall x5 |
| 2:05 | 哥刀一出血流成河 · wall_segment Palisade Wall x11 |
| 2:25 | ustra90 · wall_segment Palisade Wall x1 |
| 2:40 | ustra90 · wall_segment Palisade Wall x1 |
| 2:45 | ustra90 · wall_segment Palisade Wall x2 |
| 2:49 | ustra90 · wall_segment Palisade Wall x5 |
| 3:14 | ustra90 · wall_segment Palisade Wall x10 |
| 3:19 | Ranftl Walhalla · wall_segment Palisade Wall x9 |
| 5:24 | ustra90 · wall_segment Palisade Wall x2 |
| 6:14 | peter.upton10 · first_building Dock |
| 6:21 | ustra90 · wall_segment Palisade Wall x1 |
| 6:42 | wldun · first_building Dock |
| 7:00 | ustra90 · wall_segment Palisade Wall x1 |
| 7:19 | ustra90 · wall_segment Palisade Wall x1 |
| 7:21 | Ranftl Walhalla · wall_segment Palisade Wall x9 |
| 9:01 | smithafn · first_building Dock |
| 9:05 | ustra90 · wall_segment Palisade Wall x10 |
| 9:14 | 哥刀一出血流成河 · first_building Dock |
| 9:15 | Ranftl Walhalla · first_building Dock |
| 10:26 | smithafn · wall_segment Palisade Wall x10 |
| 11:03 | smithafn · wall_segment Palisade Wall x10 |
| 12:35 | wldun · age_up feudal |
| 12:37 | peter.upton10 · first_building Barracks |
| 12:44 | ustra90 · first_building Dock |
| 12:51 | manuelxd1010 · age_up feudal |
| 13:06 | peter.upton10 · age_up feudal |
| 13:08 | 哥刀一出血流成河 · age_up feudal |
| 14:15 | AngErFiSt** · age_up feudal |
| 15:32 | ustra90 · age_up feudal |
| 15:57 | smithafn · age_up feudal |
| 16:47 | smithafn · wall_segment Stone Wall x11 |
| 17:00 | smithafn · wall_segment Stone Wall x10 |
| 17:04 | wldun · age_up castle |
| 17:40 | Ranftl Walhalla · age_up feudal |
| 17:45 | manuelxd1010 · age_up castle |
| 18:02 | Ranftl Walhalla · wall_segment Stone Wall x11 |
| 18:05 | 哥刀一出血流成河 · wall_segment Stone Wall x13 |
| 19:04 | wldun · first_market_buy 100 wood |
| 19:34 | peter.upton10 · age_up castle |
| 20:15 | 哥刀一出血流成河 · age_up castle |
| 20:28 | ustra90 · wall_segment Stone Wall x6 |
| 20:34 | AngErFiSt** · first_building Barracks |
| 20:35 | ustra90 · wall_segment Stone Wall x6 |
| 20:42 | smithafn · age_up castle |
| 20:43 | ustra90 · age_up castle |
| 21:46 | 哥刀一出血流成河 · first_building Castle |
| 21:47 | manuelxd1010 · first_building Castle |
| 21:51 | wldun · first_building Monastery |
| 21:51 | ustra90 · wall_segment Stone Wall x8 |
| 22:19 | AngErFiSt** · age_up castle |
| 22:31 | Ranftl Walhalla · age_up castle |
| 22:48 | manuelxd1010 · first_building Stable |
| 23:07 | ustra90 · first_building Siege Workshop |
| 24:06 | ustra90 · wall_segment Stone Wall x15 |
| 24:23 | 哥刀一出血流成河 · first_building Barracks |
| 24:24 | ustra90 · first_building Monastery |
| 25:03 | manuelxd1010 · first_building Siege Workshop |
| 25:13 | peter.upton10 · first_building Monastery |
| 25:47 | peter.upton10 · first_building Castle |
| 26:20 | 哥刀一出血流成河 · first_building Siege Workshop |
| 26:35 | Ranftl Walhalla · first_building Monastery |
| 27:26 | wldun · first_building Barracks |
| 27:52 | ustra90 · first_building Castle |
| 28:32 | smithafn · first_building Siege Workshop |
| 28:35 | peter.upton10 · first_building Stable |
| 28:49 | wldun · first_building Castle |
| 28:55 | smithafn · first_building Barracks |
| 29:20 | peter.upton10 · first_building Siege Workshop |
| 29:50 | AngErFiSt** · first_building Castle |
| 31:02 | Ranftl Walhalla · first_building Siege Workshop |
| 31:12 | 哥刀一出血流成河 · first_building Stable |
| 31:42 | ustra90 · first_market_sell 500 wood |
| 31:43 | ustra90 · first_market_buy 100 food |
| 31:53 | wldun · age_up imperial |
| 33:10 | ustra90 · first_building Barracks |
| 33:30 | Ranftl Walhalla · first_building Castle |
| 34:00 | 哥刀一出血流成河 · first_building Monastery |
| 35:34 | 哥刀一出血流成河 · age_up imperial |
| 37:14 | manuelxd1010 · first_building Barracks |
| 37:25 | manuelxd1010 · age_up imperial |
| 37:41 | peter.upton10 · age_up imperial |
| 37:49 | Ranftl Walhalla · first_building Barracks |
| 37:57 | ustra90 · first_building Stable |
| 38:25 | 哥刀一出血流成河 · first_building Archery Range |
| 38:28 | smithafn · first_building Archery Range |
| 38:42 | Ranftl Walhalla · age_up imperial |
| 38:43 | wldun · first_building Stable |
| 38:58 | ustra90 · age_up imperial |
| 40:47 | AngErFiSt** · age_up imperial |
| 42:08 | peter.upton10 · first_building Archery Range |
| 43:16 | Ranftl Walhalla · wall_segment Stone Wall x1 |
| 44:25 | smithafn · age_up imperial |
| 45:57 | manuelxd1010 · first_building Archery Range |
| 46:42 | smithafn · first_market_sell 500 wood |
| 47:52 | wldun · resign |
| 49:38 | 哥刀一出血流成河 · wall_segment Stone Wall x2 |
| 49:42 | 哥刀一出血流成河 · wall_segment Stone Wall x6 |
| 49:43 | smithafn · first_building Castle |
| 58:47 | peter.upton10 · wall_segment Stone Wall x6 |
| 59:04 | peter.upton10 · wall_segment Stone Wall x17 |
| 62:32 | Ranftl Walhalla · wall_segment Stone Wall x13 |
[ AI ANALYSIS · 1 CREDIT ]
What really happened in this match?
Wolo.gg analyzes every decision: build order, eco, micro, common mistakes by bracket. Personalized analysis on WhatsApp or Discord in 30 seconds.
Civ guide
Franks
Perfil
Jugador #11601416